 Dungeon Crawl Stone Soup version 0.15.0-27-gbdb0435 (console) character file.

217 gw the Ruffian (level 5, -1/53 HPs)
             Began as a Troll Monk on Sept 10, 2014.
             Killed by divine providence
             ... invoked by an orc priest
              (15 damage)
             ... on Level 4 of the Dungeon.
             The game lasted 00:01:54 (2160 turns).

gw the Ruffian (Troll Monk)                         Turns: 2160, Time: 00:01:54

HP  -1/53        AC  5     Str 19      XL: 5   Next: 62%
MP   2/2         EV 11     Int  6      God:
Gold 0           SH  0     Dex 13      Spells:  0 memorised,  4 levels left

rFire  . . .     SeeInvis .       - Unarmed
rCold  . . .     Clarity  .     a - +0 robe
rNeg   . . .     rCorr    .     (shield restricted)
rPois  .         rRot     .     (helmet restricted)
rElec  .         Spirit   .     (no cloak)
SustAb .         Warding  .     (gloves unavailable)
rMut   .         Stasis   .     (boots unavailable)
Gourm  +                        (no amulet)
MR     .....                    (no ring)
                                (no ring)

@: not resistant to hostile enchantments, very unstealthy
A: unfitting armour, claws 3, fast metabolism 3, gourmand, regeneration 2,
saprovore 2, shaggy fur 1, tough skin 2
a: no special abilities


You were on level 4 of the Dungeon.
You were completely stuffed.

You visited 1 branch of the dungeon, and saw 4 of its levels.

Inventory:

Missiles
 f - 45 stones (quivered)
Armour
 a - a +0 robe (worn)
Comestibles
 b - 6 meat rations
 c - 2 bread rations
 h - a chunk of orc flesh
Scrolls
 d - a scroll of teleportation {unknown}
 g - a scroll of noise
 i - a scroll of remove curse
 j - a scroll of identify


   Skills:
 + Level 3.1 Fighting
 + Level 1.8 Throwing
 + Level 3.2 Dodging
 - Level 1.1 Stealth
 * Level 5.4 Unarmed Combat


You had 4 spell levels left.
You didn't know any spells.

Dungeon Overview and Level Annotations

Branches:
Dungeon (4/15)
 Temple: D:4-7

Altars:


Innate Abilities, Weirdness & Mutations

You are too large for most types of armour.
You have claws for hands.
Your metabolism is lightning-fast.
You like to eat raw meat.
You heal very quickly.
You can eat rotten meat.
You are covered in fur (AC +1).
You have very tough skin (AC +2).


Message History

The orc hits you with a short sword.
ATTACK MOVE TO (0,1)
You scratch the orc.
The orc begins to bleed from its wounds!
The orc is severely wounded.
The orc priest mumbles some strange prayers to Beogh against you.
Something smites you!
The orc wizard hits you but does no damage.
ATTACK MOVE TO (0,1)
You claw the orc!
You kill the orc!
Something hits you but does no damage. The orc priest hits you with a flail.
ATTACK MOVE TO (1,0)
You barely miss the orc priest. Your punch misses the orc priest.
The orc wizard hits you with a dagger.
You hear some strange, mumbled words.
The magic dart hits you!
The orc priest calls down the wrath of Beogh upon you.
Something smites you!
You die...

#......#.##
######..#.###...
#.#.##..#.##
#.......... #.
#.###.######
####.###.#. #
..## ##.....## #
#### ###
##.......#
#........#
#.#.......##..#
#.#...........#
# #.##To..##..#
#.#))o..#
........#
####.....#
#......#
#.#.##... #. .#
.. #. .. . #


You could see an orc priest and an orc wizard.

Table legend:
 A = Turns spent in this place as a percentage of turns spent in the entire game.
 B = Non-inter-level travel turns spent in this place as a percentage of non-inter-level travel turns spent in the entire game.
 C = Inter-level travel turns spent in this place as a percentage of turns spent in this place.
 D = Turns resting spent in this place as a percentage of non-inter-level travel turns spent in this place.
 E = Turns spent auto-exploring this place as a percentage of non-inter-level travel turns spent in this place.
 F = Non-inter-level travel turns spent in this place divided by the number of levels of this place that you've seen.
                   A       B       C       D       E      F
               +-------+-------+-------+-------+-------+----------------------
         Total | 100.0 | 100.0 |   3.4 |   1.6 |   9.9 | 253.0
       Dungeon | 100.0 | 100.0 |   3.4 |   1.6 |   9.9 | 253.0
               +-------+-------+-------+-------+-------+----------------------

Table legend:
 A = Kills in this place as a percentage of kills in entire the game.
 B = Kills by you in this place as a percentage of kills by you in the entire game.
 C = Kills by friends in this place as a percentage of kills by friends in the entire game.
 D = Other kills in this place as a percentage of other kills in the entire game.
 E = Experience gained in this place as a percentage of experience gained in the entire game.
 F = Experience gained in this place divided by the number of levels of this place that you have seen.
                   A       B       C       D       E      F
               +-------+-------+-------+-------+-------+----------------------
         Total | 100.0 | 100.0 |  -nan |  -nan | 100.0 |  77.8
       Dungeon | 100.0 | 100.0 |  -nan |  -nan | 100.0 |  77.8
               +-------+-------+-------+-------+-------+----------------------

Vanquished Creatures
  2 orc wizards
  A worker ant (D:4)
  5 adders
  2 giant mites (D:2)
  3 worms
  A giant gecko (D:2)
  2 oozes
  6 orcs
  7 goblins
  4 hobgoblins
  5 jackals
  4 kobolds
  8 bats
  7 giant cockroaches
  3 giant newts (D:1)
  3 rats
63 creatures vanquished.

Notes
Turn   | Place    | Note
--------------------------------------------------------------
     0 | D:1      | gw, the Troll Monk, began the quest for the Orb.
     0 | D:1      | Reached XP level 1. HP: 22/22 MP: 1/1
   237 | D:1      | Reached XP level 2. HP: 26/29 MP: 1/1
   763 | D:2      | Reached XP level 3. HP: 17/36 MP: 2/2
   982 | D:2      | Reached skill level 1 in Throwing
  1255 | D:2      | Reached XP level 4. HP: 37/44 MP: 2/2
  1575 | D:2      | Reached skill level 5 in Unarmed Combat
  1895 | D:3      | Reached XP level 5. HP: 42/52 MP: 2/2
  2037 | D:3      | You fall through a shaft!
  2160 | D:4      | Killed from afar by an orc priest

Action                   |  1- 3 |  4- 6 || total
-------------------------+-------+-------++-------
Melee: Unarmed           |    76 |    47 ||   123
Throw: Stone             |   104 |    12 ||   116
       Large rock        |       |    29 ||    29
  Use: Scroll            |     3 |     1 ||     4
       Potion            |       |     1 ||     1
  Eat: Chunk             |    14 |    11 ||    25

Vault maps used:
D:1:      dpeg_arrival_short_road, serial_park_tiny_2
D:2:      first_bread
D:3:      grunt_temple_overflow_open
D:4:      st_stairs_4, dk_vineyard_3
